[ AOE2 MATCH · #457206998 ]
UnrankedMuisca vs Incas
Player's team · LOSS
Rival team · WIN
[ REPLAY ANALYSIS · EXTRACTED FROM THE RECORDED GAME ]
Feudal
9:16
Castle
—
Imperial
—
| APM avg | 53.0 |
| APM peak | 100 |
| eAPM avg | 24.5 |
| Villagers / military | 48 / 0 |
Focus
⚔️ 41.5% · 🌾 58.5%
Unknown (2550) ×22
Feudal
9:17
Castle
—
Imperial
—
| APM avg | 47.4 |
| APM peak | 84 |
| eAPM avg | 21.4 |
| Villagers / military | 50 / 0 |
Focus
⚔️ 36.4% · 🌾 63.6%
Unknown (2550) ×39
Match map
Initial resources + every placement click. Lines = walls · curves = elevation contours. ◆ gold · ⬟ stone · ● berries · ✦ relic · ◌ wall gap
Your base· Open — unwalled flank
OS+ | Emil :D's base· Open — unwalled flank
Smoothed initial terrain · ◌ = detected wall gap · hover for details
Inputs per minute
— Maximilian von Habsburg - - OS+ | Emil :D
Build order — Maximilian von Habsburg
128 actions detected in the replay
| 0:00 | Queue | Villager (Male) |
| 0:01 | Build | House |
| 0:02 | Build | House |
| 0:02 | Queue | Villager (Male) |
| 0:05 | Queue | Villager (Male) |
| 0:10 | Queue | Villager (Male) |
| 1:25 | Queue | Villager (Male) |
| 1:51 | Build | Settlement |
| 1:55 | Queue | Villager (Male) |
| 2:13 | Queue | Villager (Male) |
| 2:49 | Queue | Villager (Male) |
| 3:14 | Queue | Villager (Male) |
| 3:15 | Queue | Villager (Male) |
| 3:32 | Research | Loom |
| 3:39 | Queue | Villager (Male) |
| 3:40 | Queue | Villager (Male) |
| 3:51 | Build | Palisade Wall |
| 4:05 | Queue | Villager (Male) |
| 4:16 | Queue | Villager (Male) |
| 4:34 | Queue | Villager (Male) |
| 5:16 | Queue | Villager (Male) |
| 5:24 | Queue | Villager (Male) |
| 5:41 | Queue | Villager (Male) |
| 5:53 | Build | Barracks |
| 6:30 | Build | House |
| 6:46 | Build | House |
| 7:06 | Research | Feudal Age |
| 7:10 | Queue | Unit 2550 |
| 7:41 | Queue | Unit 2550 |
| 7:58 | Build | Settlement |
| 8:15 | Queue | Unit 2550 |
| 8:36 | Queue | Villager (Male) |
| 9:03 | Queue | Villager (Male) |
| 9:16 | Age | Feudal Age |
| 9:22 | Research | Double-Bit Axe |
| 9:34 | Research | Tech 1402 |
| 9:48 | Build | Farm |
| 9:49 | Build | Farm |
| 9:51 | Build | Farm |
| 9:53 | Queue | Villager (Male) |
| 10:05 | Queue | Villager (Male) |
| 10:08 | Build | Farm |
| 10:30 | Queue | Villager (Male) |
| 10:31 | Queue | Unit 2550 |
| 10:37 | Build | Farm |
| 10:45 | Queue | Villager (Male) |
| 10:57 | Queue | Villager (Male) |
| 11:01 | Build | Farm |
| 11:04 | Queue | Unit 2550 |
| 11:17 | Build | House |
| 11:20 | Build | House |
| 11:21 | Build | House |
| 11:37 | Queue | Villager (Male) |
| 11:49 | Queue | Villager (Male) |
| 11:57 | Queue | Villager (Male) |
| 11:59 | Queue | Villager (Male) |
| 12:05 | Queue | Villager (Male) |
| 12:09 | Queue | Unit 2550 |
| 12:27 | Queue | Unit 2550 |
| 12:36 | Build | Barracks |
| 12:41 | Queue | Unit 2550 |
| 12:50 | Queue | Unit 2550 |
| 13:02 | Queue | Villager (Male) |
| 13:03 | Queue | Villager (Male) |
| 13:07 | Queue | Unit 2550 |
| 13:12 | Build | Palisade Wall |
| 13:17 | Build | House |
| 13:19 | Build | Palisade Wall |
| 13:20 | Queue | Villager (Male) |
| 13:32 | Build | Palisade Wall |
| 13:36 | Queue | Unit 2550 |
| 13:40 | Build | Blacksmith |
| 13:44 | Queue | Unit 2550 |
| 14:02 | Research | Horse Collar |
| 14:07 | Queue | Unit 2550 |
| 14:25 | Queue | Villager (Male) |
| 14:38 | Queue | Unit 2550 |
| 14:40 | Queue | Unit 2550 |
| 14:43 | Build | Farm |
| 14:45 | Build | Farm |
| 14:59 | Build | Farm |
| 15:04 | Queue | Villager (Male) |
| 15:13 | Build | Palisade Wall |
| 15:19 | Queue | Villager (Male) |
| 15:32 | Build | Farm |
| 15:34 | Build | Farm |
| 15:39 | Research | Forging |
| 15:48 | Build | Farm |
| 15:51 | Queue | Villager (Male) |
| 16:18 | Build | Farm |
| 16:19 | Build | Farm |
| 16:20 | Build | Farm |
| 16:24 | Queue | Villager (Male) |
| 16:31 | Build | House |
| 16:32 | Build | House |
| 16:34 | Build | House |
| 16:39 | Build | Farm |
| 16:46 | Queue | Villager (Male) |
| 17:08 | Queue | Unit 2550 |
| 17:08 | Queue | Unit 2550 |
| 17:11 | Build | House |
| 17:12 | Build | Farm |
| 17:20 | Queue | Villager (Male) |
| 17:43 | Queue | Villager (Male) |
| 17:44 | Queue | Villager (Male) |
| 17:44 | Queue | Villager (Male) |
| 17:56 | Build | Settlement |
| 18:06 | Research | Scale Mail Armor |
| 18:12 | Queue | Villager (Male) |
| 18:16 | Build | Farm |
| 18:17 | Build | Farm |
| 18:24 | Queue | Villager (Male) |
| 18:27 | Build | Farm |
| 18:46 | Queue | Unit 2550 |
| 18:48 | Build | Farm |
| 18:50 | Build | Farm |
| 18:53 | Build | House |
| 18:55 | Build | Palisade Wall |
| 18:57 | Build | Palisade Wall |
| 19:00 | Build | House |
| 19:02 | Queue | Villager (Male) |
| 19:05 | Queue | Unit 2550 |
| 19:09 | Queue | Villager (Male) |
| 19:32 | Queue | Unit 2550 |
| 19:33 | Queue | Villager (Male) |
| 19:38 | Build | Market |
| 19:48 | Queue | Unit 2550 |
| 19:48 | Queue | Unit 2550 |
Build order — OS+ | Emil :D
133 actions detected in the replay
| 0:00 | Queue | Villager (Male) |
| 0:01 | Queue | Villager (Male) |
| 0:02 | Build | House |
| 0:02 | Build | Barracks |
| 0:13 | Queue | Villager (Male) |
| 0:13 | Queue | Villager (Male) |
| 0:55 | Queue | Unit 2550 |
| 1:08 | Queue | Villager (Male) |
| 1:37 | Queue | Villager (Male) |
| 2:01 | Queue | Villager (Male) |
| 2:24 | Queue | Villager (Male) |
| 2:57 | Queue | Villager (Male) |
| 2:58 | Queue | Villager (Male) |
| 3:12 | Build | House |
| 3:19 | Queue | Villager (Male) |
| 3:20 | Queue | Villager (Male) |
| 3:40 | Queue | Villager (Male) |
| 4:03 | Queue | Villager (Male) |
| 4:03 | Queue | Villager (Male) |
| 4:13 | Queue | Villager (Male) |
| 4:37 | Queue | Villager (Male) |
| 4:55 | Queue | Villager (Male) |
| 4:55 | Queue | Villager (Male) |
| 5:16 | Queue | Villager (Male) |
| 5:24 | Queue | Villager (Male) |
| 5:42 | Build | Settlement |
| 5:47 | Queue | Villager (Male) |
| 6:36 | Research | Loom |
| 6:53 | Research | Feudal Age |
| 7:08 | Queue | Unit 2550 |
| 7:55 | Queue | Unit 2550 |
| 8:03 | Build | Settlement |
| 8:50 | Queue | Villager (Male) |
| 8:53 | Queue | Unit 2550 |
| 9:09 | Build | Settlement |
| 9:17 | Age | Feudal Age |
| 9:26 | Queue | Unit 2550 |
| 9:34 | Queue | Villager (Male) |
| 10:06 | Research | Tech 1402 |
| 10:07 | Queue | Villager (Male) |
| 10:17 | Build | Barracks |
| 10:22 | Queue | Villager (Male) |
| 10:24 | Build | Farm |
| 10:45 | Build | Farm |
| 10:47 | Queue | Villager (Male) |
| 10:48 | Queue | Unit 2550 |
| 11:00 | Queue | Unit 2550 |
| 11:01 | Queue | Villager (Male) |
| 11:08 | Build | Farm |
| 11:14 | Queue | Unit 2550 |
| 11:17 | Queue | Unit 2550 |
| 11:27 | Queue | Unit 2550 |
| 11:43 | Queue | Villager (Male) |
| 12:10 | Queue | Unit 2550 |
| 12:16 | Build | Farm |
| 12:19 | Queue | Villager (Male) |
| 12:22 | Build | Farm |
| 12:23 | Build | Farm |
| 12:37 | Build | Farm |
| 12:38 | Queue | Villager (Male) |
| 12:39 | Queue | Villager (Male) |
| 12:49 | Queue | Unit 2550 |
| 12:52 | Build | Farm |
| 13:13 | Build | Farm |
| 13:17 | Queue | Villager (Male) |
| 13:17 | Queue | Villager (Male) |
| 13:19 | Queue | Unit 2550 |
| 13:27 | Queue | Unit 2550 |
| 13:27 | Queue | Unit 2550 |
| 13:32 | Build | Farm |
| 13:43 | Queue | Villager (Male) |
| 13:49 | Queue | Villager (Male) |
| 13:54 | Build | Farm |
| 13:57 | Queue | Unit 2550 |
| 13:57 | Queue | Unit 2550 |
| 14:06 | Queue | Unit 2550 |
| 14:06 | Queue | Unit 2550 |
| 14:18 | Build | Farm |
| 14:19 | Queue | Villager (Male) |
| 14:29 | Queue | Unit 2550 |
| 14:29 | Queue | Unit 2550 |
| 14:38 | Queue | Unit 2550 |
| 14:50 | Queue | Villager (Male) |
| 15:05 | Build | Blacksmith |
| 15:08 | Queue | Unit 2550 |
| 15:08 | Queue | Unit 2550 |
| 15:09 | Queue | Unit 2550 |
| 15:19 | Queue | Villager (Male) |
| 15:33 | Build | House |
| 15:36 | Research | Scale Mail Armor |
| 15:44 | Build | Farm |
| 15:45 | Queue | Villager (Male) |
| 15:50 | Queue | Unit 2550 |
| 15:50 | Queue | Unit 2550 |
| 16:00 | Queue | Unit 2550 |
| 16:00 | Queue | Unit 2550 |
| 16:14 | Queue | Villager (Male) |
| 16:14 | Queue | Unit 2550 |
| 16:18 | Queue | Unit 2550 |
| 16:32 | Queue | Unit 2550 |
| 16:49 | Queue | Villager (Male) |
| 16:50 | Queue | Villager (Male) |
| 16:51 | Build | Farm |
| 16:51 | Build | Farm |
| 17:05 | Queue | Unit 2550 |
| 17:06 | Queue | Unit 2550 |
| 17:06 | Queue | Villager (Male) |
| 17:20 | Queue | Unit 2550 |
| 17:23 | Build | Farm |
| 17:24 | Build | Farm |
| 17:48 | Queue | Villager (Male) |
| 17:54 | Build | Farm |
| 17:55 | Build | Farm |
| 18:05 | Build | Outpost |
| 18:15 | Research | Forging |
| 18:17 | Queue | Villager (Male) |
| 18:20 | Queue | Villager (Male) |
| 18:30 | Build | Farm |
| 18:31 | Build | Farm |
| 18:33 | Queue | Unit 2550 |
| 18:40 | Queue | Unit 2550 |
| 18:43 | Build | Farm |
| 19:00 | Research | Arson |
| 19:01 | Queue | Villager (Male) |
| 19:11 | Build | Farm |
| 19:20 | Research | Double-Bit Axe |
| 19:20 | Research | Double-Bit Axe |
| 19:24 | Queue | Villager (Male) |
| 19:29 | Queue | Unit 2550 |
| 19:33 | Queue | Unit 2550 |
| 19:46 | Queue | Villager (Male) |
| 19:53 | Build | Farm |
| 19:54 | Build | Farm |
Match timeline
| 0:02 | OS+ | Emil :D · first_building Barracks |
| 3:51 | Maximilian von Habsburg · wall_segment Palisade Wall x1 |
| 5:53 | Maximilian von Habsburg · first_building Barracks |
| 9:16 | Maximilian von Habsburg · age_up feudal |
| 9:17 | OS+ | Emil :D · age_up feudal |
| 13:12 | Maximilian von Habsburg · wall_segment Palisade Wall x1 |
| 13:19 | Maximilian von Habsburg · wall_segment Palisade Wall x1 |
| 13:32 | Maximilian von Habsburg · wall_segment Palisade Wall x1 |
| 15:13 | Maximilian von Habsburg · wall_segment Palisade Wall x1 |
| 18:55 | Maximilian von Habsburg · wall_segment Palisade Wall x1 |
| 18:57 | Maximilian von Habsburg · wall_segment Palisade Wall x1 |
| 19:57 | Maximilian von Habsburg · resign |
[ AI ANALYSIS · 1 CREDIT ]
What really happened in this match?
Wolo.gg analyzes every decision: build order, eco, micro, common mistakes by bracket. Personalized analysis on WhatsApp or Discord in 30 seconds.
Civ guide
Muisca
Perfil
Jugador #10172828